[Event "Rapid Tournament (RAP)"]
[Site "Biel, Switzerland"]
[Date "2026.07.12"]
[Round "8.9"]
[White "Habibi, Ali"]
[Black "Lu, Miaoyi"]
[Result "0-1"]
[TimeControl "15 + 5"]
[WhiteTitle "-"]
[BlackTitle "-"]
[WhiteFideId "4604393"]
[BlackFideId "8618020"]
[WhiteElo "2187"]
[BlackElo "2309"]

1. Nf3 Nf6 2. g3 d5 3. Bg2 e6 4. O-O Be7 5. c4 O-O 6. Qc2 d4 7. d3 Nc6 8. a3 a5 9. b3 e5 10. Nbd2 h6 11. Bb2 Bf5 12. Rfc1 Qd7 13. Qd1 Rad8 14.
Ne1 Rfe8 15. Nc2 Bc5 16. f3 h5 17. Ne4 Bxe4 18. fxe4 h4 19. Qf1 hxg3 20. hxg3 Qg4 21. Qf3 Qg6 22.
Rf1 Nh5 23. g4 Nf4 24. Bc1 Bd6 25. Rb1 Ra8 26. Bd2 Nd8 27. Rf2 Nde6 28. Qg3 Be7 29. b4 Qh6 30. Qh2 Bh4 31. Bf1 Bxf2+ 32. Qxf2 Nh3+ 33. Bxh3 Qxd2 34. Ne1 Nf4 35. Bf1 axb4 36. axb4 Ra2 37. Nf3 Qc2 38. Qe1 f6 39. g5 Rea8 40. gxf6 gxf6 41. Kh1 Kf7 42. Rc1 Rh8+ 43.
Nh2 Qd2 44. Qxd2 Rxd2 45. Re1 Nxd3 46. Ra1 Nf4 47. Ra7 d3 0-1

[Event "Rapid Tournament (RAP)"]
[Site "Biel, Switzerland"]
[Date "2026.07.12"]
[Round "8.10"]
[White "Gluckman, David"]
[Black "Shukhman, Anna"]
[Result "0-1"]
[TimeControl "15 + 5"]
[WhiteTitle "-"]
[BlackTitle "-"]
[WhiteFideId "14300010"]
[BlackFideId "54180058"]
[WhiteElo "2161"]
[BlackElo "2272"]

1. e4 c5 2. Nf3 d6 3. Bb5+ Bd7 4. a4 Nc6 5. O-O g6 6. Re1 Bg7 7. c3 Nf6 8. h3 Ne5 9. Bf1 Bc6 10.
d3 O-O 11. Nbd2 Rc8 12. d4 Nxf3+ 13. Qxf3 cxd4 14. cxd4 Qa5 15. d5 Be8 16. Qe3 Nd7 17. Nc4 Qc5 18. Qe2 Nb6 19. Nxb6 Qxb6 20. a5 Qb4 21. Bg5 Rc7 22.
Rec1 Rxc1 23. Rxc1 f6 24. Be3 Qxa5 25. Qc4 f5 26. Qc7 Qxc7 27. Rxc7 Bxb2 28. Rxb7 Bf6 29. exf5 Bf7 30. fxg6 hxg6 31.
Rxa7 Bxd5 32. Rc7 Rb8 33. Bc4 Rb1+ 34. Kh2 Be5+ 35. f4 Bxc4 36. fxe5 Bd5 37. exd6 exd6 38. Rc2 Be4 39. Rd2 d5 40. Bd4 Kf7 41. Kg3 Ke6 42. h4 Rb3+ 43. Kf2 Kf5 44. Be3 Kg4 45. Bg5 Rg3 46. Kf1 Ra3 47. Kf2 Ra7 48.
g3 Ra3 49. Bf4 Rf3+ 50. Ke2 Kh3 51. Ke1 Rb3 52. Rd1 Rb4 53. Kf2 d4 54. Rd2 Kg4 55. Be5 d3 56. Ke3 Bf5 57. Bf4 Rb1 58. Kd4 Re1 59. Rf2 Re8 60.
Bd6 Rd8 61. Ke5 Kxg3 62. Rd2 Re8+ 63. Kf6+ Kxh4 64. Bf4 Re6+ 65. Kf7 Kg4 66. Bh6 Ra6 67. Rg2+ Kf3 68. Rh2 Re6 69. Bg5 Re2 70. Rh3+ Kg4 0-1

[Event "Rapid Tournament (RAP)"]
[Site "Biel, Switzerland"]
[Date "2026.07.12"]
[Round "8.11"]
[White "Dong, Hongfu"]
[Black "Erne, Raphael"]
[Result "1-0"]
[TimeControl "15 + 5"]
[WhiteTitle "-"]
[BlackTitle "-"]
[WhiteFideId "8626960"]
[BlackFideId "1341928"]
[WhiteElo "2271"]
[BlackElo "2122"]

1. e4 c6 2. d4 d5 3. e5 c5 4. Nf3 cxd4 5. Nxd4 Nc6 6. Nxc6 bxc6 7. Bd3 e6 8. O-O Ne7 9. Nd2 a5 10.
Qe2 Ng6 11. Nf3 Be7 12. g3 O-O 13. h4 Re8 14. h5 Nf8 15. Bf4 Qb6 16. c4 Ba6 17. Rfc1 Rab8 18. Rc2 Red8 19. h6 Ng6 20.
Be3 Qb7 21. hxg7 Kxg7 22. Ng5 Rh8 23. Qh5 Rbf8 24. Re1 Bxc4 25. Bxc4 dxc4 26. Ne4 h6 27. Nf6 Qb5 28. Ng4 Bg5 29. Bxg5 hxg5 30. Qxg5 Qd5 31.
Qf6+ Kg8 32. f3 Qd3 33. Rf2 c3 34. bxc3 Qxc3 35. Rd1 Rb8 36. Rfd2 Qc5+ 37. Kg2 Rf8 38. Rd8 Qc2+ 39. R1d2 Qc5 40. Rxf8+ Nxf8 41. Qg5+ Ng6 42. Rd8+ Kh7 43. Qh6# 1-0

[Event "Rapid Tournament (RAP)"]
[Site "Biel, Switzerland"]
[Date "2026.07.12"]
[Round "8.12"]
[White "Harish, Neeraj"]
[Black "Manko, Mariia"]
[Result "0-1"]
[TimeControl "15 + 5"]
[WhiteTitle "-"]
[BlackTitle "-"]
[WhiteFideId "30958130"]
[BlackFideId "14199220"]
[WhiteElo "2140"]
[BlackElo "2210"]

1. e4 c5 2. d4 cxd4 3. Qxd4 Nc6 4. Qd3 Nf6 5. Nc3 e6 6. Bf4 a6 7. O-O-O b5 8.
Nf3 b4 9. Nd5 exd5 10. exd5 Be7 11. dxc6 dxc6 12. Nd4 Bb7 13. Qh3 Nd5 14. Nf5 O-O 15. Bd3 g6 16. Nxe7+ Qxe7 17. Bh6 Rfe8 18.
Qg4 Qf6 19. h4 Bc8 20. Qg3 Bf5 21. h5 Bxd3 22. Rxd3 Re2 23. hxg6 fxg6 24. Rf3 Qe7 25. Qg4 Re1+ 26. Kd2 Qe2# 0-1

[Event "Rapid Tournament (RAP)"]
[Site "Biel, Switzerland"]
[Date "2026.07.12"]
[Round "8.13"]
[White "Frey, Fabian"]
[Black "Fogo Esquivel, Levi Kalani Alexander"]
[Result "0-1"]
[TimeControl "15 + 5"]
[WhiteTitle "-"]
[BlackTitle "-"]
[WhiteFideId "1336487"]
[BlackFideId "5183189"]
[WhiteElo "2207"]
[BlackElo "2088"]

1. d4 Nf6 2. Bg5 c5 3. d5 d6 4. Nc3 g6 5. e4 Bg7 6. Bb5+ Nbd7 7. a4 Qa5 8. Bd2 a6 9. Be2 O-O 10.
Nf3 Rb8 11. O-O Qc7 12. h3 c4 13.
Be3 Nc5 14. Bxc5 Qxc5 15. a5 Bd7 16. Qd2 b5 17. axb6 Rxb6 18. e5 dxe5 19. Nxe5 Rxb2 20. Nxd7 Nxd7 21. Na4 Qb4 22. Qd1 c3 23. Nxb2 cxb2 24. Rxa6 Nc5 25. c3 Qxc3 26.
Rc6 Rb8 27. Qb1 Qb4 28. Rd1 Na4 29. Bd3 Nc3 30. Rxc3 Qxc3 31. Qc2 Qxc2 32. Bxc2 Rc8 33. Bb1 Rc1 34. Rf1 Bc3 35. g4 Be1 36.
Bd3 b1=Q 37. Bxb1 Rxb1 38. Kg2 Ra1 39. f4 Ra2+ 40. Kf3 Bb4 41.
Rc1 Bd6 42. Rc4 Kg7 43. h4 h6 44. Rd4 Ra1 45. g5 hxg5 46. hxg5 f6 47. Kg4 Rg1+ 48. Kh4 Bxf4 0-1

[Event "Rapid Tournament (RAP)"]
[Site "Biel, Switzerland"]
[Date "2026.07.12"]
[Round "8.14"]
[White "Moesching, Colin"]
[Black "Rohrer, Christophe"]
[Result "0-1"]
[TimeControl "15 + 5"]
[WhiteTitle "-"]
[BlackTitle "-"]
[WhiteFideId "1345036"]
[BlackFideId "1326546"]
[WhiteElo "1820"]
[BlackElo "2202"]

1. d4 Nf6 2. Nf3 d5 3.
g3 c5 4.
Bg2 cxd4 5. O-O h6 6. b3 e6 7. Bb2 Bc5 8. Nxd4 e5 9. Nf3 e4 10. Nd4 Nc6 11. c4 Bg4 12. h3 Nxd4 13.
hxg4 dxc4 14. b4 Bb6 15. e3 Nc6 16. b5 Nb4 17. Nc3 Qxd1 18. Rfxd1 Nd3 19. Ba3 Nxg4 20. Nxe4 Rd8 21. Bf3 Nge5 22.
Be2 Rd5 23. Rab1 Kd8 24. Kg2 Kc7 25. f4 Ng6 26. Bxd3 cxd3 27. Rbc1+ Kb8 28. Kf3 Rhd8 29. Bd6+ R8xd6 30. Nxd6 Rxd6 31.
Rc3 d2 32. Ke2 Ba5 33. Rd3 Rxd3 34. Kxd3 Kc7 35. e4 Nf8 36. e5 Ne6 37. Kc4 g6 38. Kd5 b6 39. Kc4 Nc5 40. g4 Ne4 0-1

[Event "Rapid Tournament (RAP)"]
[Site "Biel, Switzerland"]
[Date "2026.07.12"]
[Round "8.15"]
[White "Haimovich, Tal"]
[Black "Xu, Chang(Cq)"]
[Result "0-1"]
[TimeControl "15 + 5"]
[WhiteTitle "-"]
[BlackTitle "-"]
[WhiteFideId "2801698"]
[BlackFideId "8641757"]
[WhiteElo "2245"]
[BlackElo "2082"]

1. Nf3 Nf6 2. b3 d5 3. Bb2 c5 4. e3 Nc6 5. Bb5 e6 6. Bxc6+ bxc6 7. Ne5 Qc7 8. O-O Bd6 9. f4 O-O 10.
d3 Nd7 11. Qh5 f6 12. Nxd7 Bxd7 13. Nd2 a5 14. a4 Be8 15. Qg4 Qe7 16. e4 Bc7 17. Rae1 Bd7 18. Qf3 Qf7 19. c4 Rfe8 20.
Ba3 Bb6 21. Qf2 d4 22. Qh4 Reb8 23. Rf3 Be8 24. Rh3 h6 25. g4 Bc7 26. Rf1 Bd6 27. Qf2 Bd7 28. Rf3 Rf8 29. Qg2 Rab8 30.
h4 Qe7 31. Qe2 Qf7 32. R3f2 Rbe8 33. Rg2 Rb8 34. Qe1 Rfe8 35. Rf3 Kh8 36. Qd1 f5 37. g5 Qh5 38. e5 Be7 39. Qf1 Qg6 40.
Qe2 Qh5 41. Qf2 Rg8 42. Qf1 Qf7 43. Rh3 Be8 44. Qe1 Qf8 45. Qe2 Qf7 46. Rh1 Qh5 47. Qxh5 Bxh5 48. Kf2 Rb7 49. Rb1 Kh7 50.
Rg3 Bg4 51. Rbg1 Rgb8 52. Rb1 Kg6 53. Rg2 hxg5 54. hxg5 Rh8 55. Rbg1 Rhb8 56. Rb1 Rh8 57. Rg3 Rbb8 58. Rbg1 Rh4 59.
Ke1 Rbh8 60. R3g2 Rh3 61. Rg3 Rh2 62. Bc1 Re2+ 63. Kf1 Rhh2 64. R3g2 Rexg2 65. Rxg2 Bh3 0-1

[Event "Rapid Tournament (RAP)"]
[Site "Biel, Switzerland"]
[Date "2026.07.12"]
[Round "8.16"]
[White "Amonatov, Farrukh"]
[Black "Egli, Urs"]
[Result "1-0"]
[TimeControl "15 + 5"]
[WhiteTitle "-"]
[BlackTitle "-"]
[WhiteFideId "14700077"]
[BlackFideId "1306685"]
[WhiteElo "2593"]
[BlackElo "1964"]

1. e4 g6 2. d4 Bg7 3.
Nf3 c5 4. dxc5 Qa5+ 5. Nc3 Bxc3+ 6. bxc3 Qxc3+ 7. Bd2 Qxc5 8. Bd3 d6 9. O-O Bg4 10.
h3 Bxf3 11. Qxf3 Nd7 12. Rab1 Ngf6 13. Bh6 Rb8 14. Rb5 Qc7 15. Qe3 a6 16. Rb2 Ne5 17. Rfb1 Nfd7 18. f4 Nxd3 19. cxd3 f6 20.
d4 e5 21. Rc1 Qa5 22. Qb3 Ke7 23. fxe5 dxe5 24. Bd2 1-0

[Event "Rapid Tournament (RAP)"]
[Site "Biel, Switzerland"]
[Date "2026.07.12"]
[Round "8.17"]
[White "Gautier, Anand"]
[Black "Pinson, Clement"]
[Result "1-0"]
[TimeControl "15 + 5"]
[WhiteTitle "-"]
[BlackTitle "-"]
[WhiteFideId "26010186"]
[BlackFideId "26098660"]
[WhiteElo "2223"]
[BlackElo "1924"]

1. e4 e5 2. Nf3 Nc6 3. Bc4 Nf6 4. d3 Be7 5.
O-O O-O 6. a4 d5 7. exd5 Nxd5 8. Re1 Bf6 9. Nbd2 Bg4 10. h3 Bh5 11. Ne4 Be7 12. Ng3 Bxf3 13. Qxf3 Nb6 14. Ba2 Nd4 15.
Qd1 Bd6 16. c3 Nc6 17. b4 a5 18. b5 Ne7 19. Bb3 Ng6 20. Ne4 Be7 21. Qf3 Qd7 22. Bb2 Rad8 23. Rad1 Qc8 24. g3 Qxh3 25.
c4 Nh4 26. Qh1 Qxh1+ 27. Kxh1 Nf3 28. Re3 Nd4 29. c5 Nxb3 30.
cxb6 cxb6 31. Bxe5 f5 32. Nd2 Nc5 33. d4 Nd7 34. Bc7 Rde8 35. Nc4 Bd8 36. Bxd8 Rxd8 37. d5 f4 38. Re7 fxg3 39.
fxg3 Rf3 40. Kg2 Rc3 41. Rd4 Rc2+ 42. Kh3 h5 43. d6 Nf6 44. Ne5 g5 45. d7 Rc5 46. Nf7 Nxd7 47. Nxd8 Ne5 48.
Rxe5 Rxe5 49. Nxb7 Kf7 50. Nd6+ Ke6 51. Nc4 Re2 52. Nxb6 Kf5 53.
g4+ hxg4+ 54. Kg3 Re3+ 55. Kg2 Rb3 56. Nd7 Rb2+ 57. Kg3 Rb3+ 58. Kf2 Ke6 59. Nc5+ Ke5 60. Nxb3 1-0

[Event "Rapid Tournament (RAP)"]
[Site "Biel, Switzerland"]
[Date "2026.07.12"]
[Round "8.18"]
[White "Kukushkin, Ivan"]
[Black "Tan, Jimmy"]
[Result "1-0"]
[TimeControl "15 + 5"]
[WhiteTitle "-"]
[BlackTitle "-"]
[WhiteFideId "11634103"]
[BlackFideId "129057499"]
[WhiteElo "2186"]
[BlackElo "1845"]

1. e4 c6 2. Nf3 d5 3. exd5 cxd5 4.
Ne5 Nf6 5. d4 a6 6. c3 Nc6 7. Bd3 e6 8. O-O Be7 9. Nd2 O-O 10. Re1 Bd7 11. a4 Rb8 12. Ndf3 Be8 13. Bf4 Bd6 14.
Qe2 Ne7 15. Bg5 Ng6 16. Nxg6 hxg6 17. Ne5 Be7 18. h4 Nh5 19. Nxg6 Bxg5 20. Qxh5 fxg6 21. Qxg5 Qb6 22. Re2 Rf6 23.
a5 Qc7 24. Rae1 Bf7 25. Re3 Qxa5 26. h5 gxh5 27. Rg3 Kf8 28. Qxg7+ Ke7 29. Bg6 Rg8 30. Rxe6+ Kxe6 31. Re3+ Kd7 32. Qxf6 Bxg6 33. Re7+ Kc8 34. Qe6+ Kb8 35. Qxg8+ Ka7 36. Qxg6 1-0

[Event "Rapid Tournament (RAP)"]
[Site "Biel, Switzerland"]
[Date "2026.07.12"]
[Round "8.19"]
[White "Arntz, Christoph"]
[Black "Ling, Chenxuan"]
[Result "0-1"]
[TimeControl "15 + 5"]
[WhiteTitle "-"]
[BlackTitle "-"]
[WhiteFideId "16257723"]
[BlackFideId "30983118"]
[WhiteElo "1999"]
[BlackElo "2077"]

1. f4 d5 2. Nf3 Nf6 3. e3 c5 4. d4 Nc6 5. c3 e6 6. Nbd2 Bd6 7. Ne5 Bd7 8. Bd3 Rc8 9. O-O O-O 10.
Qf3 Ne8 11. Qh3 f5 12. g4 Ne7 13. Ndf3 Nf6 14. gxf5 exf5 15. Rf2 Ne4 16. Rg2 Rf6 17. Nxd7 Qxd7 18. Ne5 Qe6 19. Qf3 c4 20.
Bxe4 fxe4 21. Qg4 Nf5 22. Bd2 Bxe5 23. dxe5 Rg6 24. Qe2 Rxg2+ 25. Qxg2 Nh4 26. Qf2 Nf3+ 27. Kh1 Rf8 28. Be1 Rf5 29. Qe2 Rh5 30. Bg3 Rh3 31. Kg2 h5 32. Rh1 h4 33.
Be1 Rxh2+ 34. Rxh2 Qg4+ 35. Bg3 Qxg3+ 0-1

[Event "Rapid Tournament (RAP)"]
[Site "Biel, Switzerland"]
[Date "2026.07.12"]
[Round "8.20"]
[White "Hashem, Khaled"]
[Black "Tkhoruk, Roman"]
[Result "1/2-1/2"]
[TimeControl "15 + 5"]
[WhiteTitle "-"]
[BlackTitle "-"]
[WhiteFideId "10300201"]
[BlackFideId "34161589"]
[WhiteElo "1926"]
[BlackElo "2076"]

1. d4 Nf6 2. Nf3 d5 3.
g3 Bf5 4. Bg2 c6 5. O-O e6 6. c4 Be7 7. Nc3 O-O 8. h3 h6 9. b3 Nbd7 10. Bb2 Ne4 11. Nd2 Nxc3 12. Bxc3 Nf6 13. Re1 Ne4 14. Nxe4 Bxe4 15. Bxe4 dxe4 16. e3 f5 17.
Qd2 h5 18. h4 Qd7 19. Rad1 Rad8 20. Qe2 g6 21. Qb2 Bf6 22. a3 Qf7 23. Kg2 Rd7 24. Rd2 Rfd8 25. Red1 g5 26. hxg5 Bxg5 27. Rh1 Qg6 28. Rh3 Rh7 29. Rd1 Rdd7 30. Rdh1 h4 31.
Rg1 Bf6 32. Kf1 Rhg7 33. d5 Qg4 34. Rxh4 Bxh4 35. Bxg7 Rxg7 36. Qxg7+ Kxg7 37. gxh4 Qxg1+ 38. Kxg1 exd5 39. cxd5 cxd5 40. Kg2 f4 41. exf4 Kg6 42.
Kf1 d4 43. Ke2 Kf5 44. h5 Kf6 45.
b4 b5 46. Kd2 Kf5 47. Ke2 Kf6 48. f3 e3 49. Kd3 Kf5 50. Ke2 Kf6 51. Kd3 1/2-1/2

[Event "Rapid Tournament (RAP)"]
[Site "Biel, Switzerland"]
[Date "2026.07.12"]
[Round "8.21"]
[White "Tureshbayev, Anuar"]
[Black "Grzeskowiak, Antoni"]
[Result "1/2-1/2"]
[TimeControl "15 + 5"]
[WhiteTitle "-"]
[BlackTitle "-"]
[WhiteFideId "651081709"]
[BlackFideId "41855531"]
[WhiteElo "2246"]
[BlackElo "1844"]

1. e4 d6 2. d4 Nf6 3. Bd3 g6 4. f4 Bg7 5. Nf3 Nc6 6. c3 O-O 7. O-O a6 8. h3 b5 9. a4 bxa4 10.
Rxa4 Bb7 11. d5 Nb8 12. c4 Nbd7 13. b4 a5 14. Rxa5 Rxa5 15. bxa5 Nc5 16. Bc2 Nfxe4 17. Re1 Nc3 18. Nxc3 Bxc3 19. Bd2 Bf6 20. f5 Ba6 21. Qe2 Qb8 22. Rb1 Qa7 23. Be3 Rb8 24.
Rxb8+ Qxb8 25. Bxc5 dxc5 26. fxg6 hxg6 27. h4 Qb4 28. Bd3 Qxa5 29. h5 Qa1+ 30. Kh2 Qc1 31. hxg6 fxg6 32. Qe6+ Kg7 33. Qxa6 Qf4+ 34. Kh3 Qh6+ 35. Kg3 Qe3 36. Bb1 Be5+ 37. Kh3 Qh6+ 38. Nh4 Qe3+ 39. Nf3 1/2-1/2

[Event "Rapid Tournament (RAP)"]
[Site "Biel, Switzerland"]
[Date "2026.07.12"]
[Round "8.22"]
[White "Lang, Fabian"]
[Black "Menzi, Jonas"]
[Result "0-1"]
[TimeControl "15 + 5"]
[WhiteTitle "-"]
[BlackTitle "-"]
[WhiteFideId "1310160"]
[BlackFideId "1345133"]
[WhiteElo "1900"]
[BlackElo "2114"]

1. d4 Nf6 2. Nf3 g6 3.
g3 Bg7 4. Bg2 d5 5. O-O O-O 6. Nbd2 c5 7. dxc5 Na6 8. Nb3 Ne4 9. c3 Naxc5 10. Be3 Na4 11. Qc2 e5 12. Rfd1 Be6 13.
Nbd2 Nxd2 14. Rxd2 Nb6 15. Bxb6 Qxb6 16. Ng5 Bf5 17. e4 dxe4 18. Nxe4 Rfd8 19. Rad1 Bh6 20. Rxd8+ Rxd8 21. Rxd8+ Qxd8 22. Qb3 Qd3 23. Nf6+ Kg7 24.
Nd5 Qb1+ 25. Bf1 Bd3 26. Ne3 Bxe3 27. Qc2 0-1

[Event "Rapid Tournament (RAP)"]
[Site "Biel, Switzerland"]
[Date "2026.07.12"]
[Round "8.23"]
[White "Trubini, Timon"]
[Black "El-Mais, Ibaa"]
[Result "0-1"]
[TimeControl "15 + 5"]
[WhiteTitle "-"]
[BlackTitle "-"]
[WhiteFideId "1347799"]
[BlackFideId "1312715"]
[WhiteElo "1896"]
[BlackElo "2100"]

1. e4 c6 2. d4 d5 3.
exd5 cxd5 4. Bd3 Nc6 5. c3 Qc7 6. Qf3 Nf6 7. Bf4 Qb6 8. Qe2 Bg4 9. f3 Bh5 10. Na3 a6 11. b4 Nxd4 12. Qf2 Qe6+ 13. Kd2 Nc6 14. b5 Ne5 15. Bxe5 Qxe5 16. Qb6 Rc8 17.
Ne2 a5 18. Qxb7 Rb8 19. Qc6+ Nd7 20. b6 e6 21. Nb5 Rxb6 22. Qc8+ Ke7 23. Ned4 Qg5+ 24. Kc2 Qxg2+ 25. Kb3 a4+ 26.
Kxa4 Qb2 27. Nc6+ Rxc6 28. Qxc6 Ne5 29. Qc7+ Kf6 30. Be2 Qxe2 31. Qd8+ Be7 32. Qxh8 Nc6 33. Kb3 Bg6 34. Qc8 Qc2# 0-1

[Event "Rapid Tournament (RAP)"]
[Site "Biel, Switzerland"]
[Date "2026.07.12"]
[Round "8.24"]
[White "Haugner, Jan"]
[Black "Berezovskii, Arina"]
[Result "1-0"]
[TimeControl "15 + 5"]
[WhiteTitle "-"]
[BlackTitle "-"]
[WhiteFideId "24655244"]
[BlackFideId "34449850"]
[WhiteElo "2079"]
[BlackElo "1895"]

1. e4 e5 2. Nf3 Nf6 3.
Nc3 Nc6 4. Bb5 Bb4 5. O-O O-O 6. Bxc6 dxc6 7. d3 Re8 8. h3 h6 9. Ne2 Bc5 10. Ng3 a5 11. a4 b5 12. Qe2 Bb6 13.
Nh4 Qd4 14. Nhf5 Qb4 15. b3 Bd4 16. Nxd4 Qxd4 17. Be3 Qb4 18. f4 Qe7 19. fxe5 Qxe5 20. Qf2 Rf8 21. Bd4 Qg5 22. Bxf6 gxf6 23.
Kh2 Kg7 24. Nf5+ Bxf5 25. Qxf5 Rfe8 26. Rf3 Qxf5 27. Rxf5 b4 28. Raf1 Re6 29. Rc5 Rae8 30. Rff5 Re5 31. Rxa5 Kg6 32.
Rfxe5 fxe5 33. Rc5 Re6 34. Rc4 f5 35. exf5+ Kxf5 36. Rxb4 c5 37. Rc4 Rc6 38. a5 Ke6 39. b4 Kd5 40. Rxc5+ Rxc5 41. bxc5 Kxc5 42. g4 Kb5 43. h4 c5 44. g5 hxg5 45. hxg5 c4 46. g6 Kxa5 47. g7 Kb4 48. g8=Q c3 49. Qc4+ 1-0

[Event "Rapid Tournament (RAP)"]
[Site "Biel, Switzerland"]
[Date "2026.07.12"]
[Round "8.25"]
[White "Zecirovic, Giacomo"]
[Black "Piazza, Carlo"]
[Result "1-0"]
[TimeControl "15 + 5"]
[WhiteTitle "-"]
[BlackTitle "-"]
[WhiteFideId "1339451"]
[BlackFideId "809683"]
[WhiteElo "1886"]
[BlackElo "2076"]

1. e4 c5 2. c3 Nf6 3.
e5 Nd5 4. d4 cxd4 5. Nf3 Nc6 6. cxd4 d6 7. Bc4 dxe5 8. Nxe5 e6 9. O-O Be7 10. Re1 O-O 11. Nc3 Ncb4 12. Bb3 Nxc3 13.
bxc3 Nd5 14. Qd3 Bf6 15. Bc2 g6 16. Qg3 Bg7 17. h4 Qc7 18. Bd2 f6 19. Nd3 Qxg3 20. fxg3 Bd7 21. Nc5 Bc6 22.
Nxe6 Rfc8 23. c4 Nb6 24. Bb3 Ba4 25. Nxg7 Kxg7 26. Re7+ Kh8 27. Bh6 Re8 28. Rae1 Rxe7 29. Rxe7 f5 30.
Rxb7 Bxb3 31. axb3 Nc8 32. c5 a5 33. d5 1-0

[Event "Rapid Tournament (RAP)"]
[Site "Biel, Switzerland"]
[Date "2026.07.12"]
[Round "8.26"]
[White "Hornung, Hans"]
[Black "Varela Tavares, Goncalo"]
[Result "1-0"]
[TimeControl "15 + 5"]
[WhiteTitle "-"]
[BlackTitle "-"]
[WhiteFideId "4615140"]
[BlackFideId "1344773"]
[WhiteElo "2040"]
[BlackElo "1880"]

1. d4 d5 2. c4 e6 3. Nc3 Nf6 4.
Bg5 Be7 5. cxd5 exd5 6. e3 O-O 7. Bd3 c6 8. Qc2 Nbd7 9. Nf3 Re8 10. O-O Nf8 11. h3 Be6 12. Ne5 Rc8 13. f4 c5 14.
Qf2 h6 15. Bxf6 Bxf6 16. Rad1 a6 17. f5 Bd7 18. Nxd5 Bxe5 19. dxe5 Rxe5 20. f6 g6 21. Qf4 Rg5 22. Ne7+ Kh7 23.
Bc4 Ra8 24. Bxf7 Qb6 25. Nxg6 Bc6 26. Nxf8+ Rxf8 27. Bd5 Rfg8 28. Bxg8+ Rxg8 29. Rd2 Qa5 30. Qf5+ Rg6 31. Rd7+ Bxd7 32.
Qxd7+ Kh8 33. f7 1-0

[Event "Rapid Tournament (RAP)"]
[Site "Biel, Switzerland"]
[Date "2026.07.12"]
[Round "8.27"]
[White "Materia, Matteo"]
[Black "De Gregorio, Alexis"]
[Result "1-0"]
[TimeControl "15 + 5"]
[WhiteTitle "-"]
[BlackTitle "-"]
[WhiteFideId "45150575"]
[BlackFideId "1310054"]
[WhiteElo "1868"]
[BlackElo "2030"]

1. Nf3 Nf6 2. b3 g6 3.
Bb2 Bg7 4. e3 d5 5. Be2 O-O 6.
O-O c5 7. d4 Ne4 8. Qc1 Nc6 9. dxc5 Nxc5 10. Bxg7 Kxg7 11. Qb2+ Kg8 12. Rd1 e6 13. c4 Ne4 14. Nbd2 Qf6 15. Qxf6 Nxf6 16. Rac1 Rd8 17. cxd5 Nxd5 18.
Nc4 Ncb4 19. e4 Nxa2 20. Rc2 Nab4 21. Rcd2 1-0

[Event "Rapid Tournament (RAP)"]
[Site "Biel, Switzerland"]
[Date "2026.07.12"]
[Round "8.28"]
[White "Sadeghi, Hassan Roger"]
[Black "Hajduk, Tomasz"]
[Result "1-0"]
[TimeControl "15 + 5"]
[WhiteTitle "-"]
[BlackTitle "-"]
[WhiteFideId "1304712"]
[BlackFideId "21811415"]
[WhiteElo "2028"]
[BlackElo "1879"]

1. Nf3 c5 2. g3 d5 3. Bg2 Nf6 4.
O-O Nc6 5. d4 cxd4 6. Nxd4 e5 7. Nxc6 bxc6 8. c4 Bc5 9. Bg5 Be6 10. cxd5 cxd5 11. Nc3 e4 12. Qa4+ Bd7 13. Qa6 Rc8 14.
Bxf6 gxf6 15. Nxd5 Rc6 16. Qa4 f5 17. Nf4 h5 18. h4 Rg8 19. e3 Bb6 20. Qd1 Rg4 21. Rc1 Rxc1 22. Qxc1 Qb8 23.
Qc3 Rg8 24. Nd5 Qd8 25. Nf6+ 1-0

[Event "Rapid Tournament (RAP)"]
[Site "Biel, Switzerland"]
[Date "2026.07.12"]
[Round "8.29"]
[White "Aryan, Goyal"]
[Black "Labrovic, Jakov"]
[Result "1-0"]
[TimeControl "15 + 5"]
[WhiteTitle "-"]
[BlackTitle "-"]
[WhiteFideId "366108825"]
[BlackFideId "14549786"]
[WhiteElo "1869"]
[BlackElo "2005"]

1. e4 c5 2. Nf3 d6 3. Bb5+ Bd7 4. Bxd7+ Qxd7 5. c4 Nf6 6. Nc3 g6 7. d4 cxd4 8.
Nxd4 Nc6 9. h3 Bg7 10. Be3 a6 11. O-O O-O 12. Qd2 Rac8 13. b3 Rfd8 14. Rac1 e6 15. Rfd1 d5 16. cxd5 exd5 17.
Nxc6 bxc6 18. exd5 cxd5 19. Bb6 Re8 20. Nxd5 Nxd5 21. Rxc8 Rxc8 22. Qxd5 Qe8 23. Qd7 Qxd7 24. Rxd7 Rc1+ 25.
Kh2 Be5+ 26. g3 Rc2 27. a4 Rb2 28. Ra7 h5 29. Kg2 Rxb3 30. Rxa6 Ra3 31. a5 Bc3 32. Ra8+ Kg7 33. a6 Rb3 34.
Rb8 Be5 35. Bd4 1-0

[Event "Rapid Tournament (RAP)"]
[Site "Biel, Switzerland"]
[Date "2026.07.12"]
[Round "8.30"]
[White "Villiger, Jan"]
[Black "Laub, Patrick"]
[Result "0-1"]
[TimeControl "15 + 5"]
[WhiteTitle "-"]
[BlackTitle "-"]
[WhiteFideId "1340891"]
[BlackFideId "1302566"]
[WhiteElo "1846"]
[BlackElo "1949"]

1. e4 c6 2. d4 d5 3. e5 Bf5 4. Nd2 e6 5. Nb3 Nd7 6. Nf3 Be7 7. Be2 h5 8. O-O h4 9. h3 c5 10.
dxc5 Nxc5 11. Bb5+ Kf8 12. Nfd4 Be4 13. Be3 Rc8 14. Be2 Nh6 15. Bf3 Bg6 16. Bh5 Be4 17. Bg4 Nxg4 18. Qxg4 Nd7 19.
Qf4 Kg8 20. Nb5 a6 21. Na7 Rc4 22. Nd2 Bxg2 23. Nxc4 Bxf1 24. Rxf1 dxc4 25. Rd1 Qc7 26. b3 c3 0-1

[Event "Rapid Tournament (RAP)"]
[Site "Biel, Switzerland"]
[Date "2026.07.12"]
[Round "8.31"]
[White "Wilhelm, Serge"]
[Black "Carey, Michael"]
[Result "0-1"]
[TimeControl "15 + 5"]
[WhiteTitle "-"]
[BlackTitle "-"]
[WhiteFideId "1305808"]
[BlackFideId "30923760"]
[WhiteElo "1923"]
[BlackElo "1850"]

1. Nf3 c5 2. g3 g6 3. d3 Bg7 4.
Bg2 Nc6 5. e4 d6 6. Nbd2 e5 7. O-O Nge7 8. c3 O-O 9. Nc4 h6 10. a4 Be6 11. Ne3 d5 12. Qe2 Rc8 13. Bd2 b6 14.
c4 dxe4 15. dxe4 Nd4 16. Qd1 Nec6 17. Nd5 Bg4 18. Bc3 f5 19. h3 fxe4 20. hxg4 exf3 21. Bh3 g5 22. Re1 Qd7 23. Qd3 Rce8 24.
Re4 Rf7 25. Kh2 Ne7 26. Ne3 Qc6 27. Bf1 Nc8 28. Nc2 Nd6 29. Ree1 e4 30. Qd1 Nxc2 31. Qxc2 Rd7 32. Re3 Nf7 33.
Rae1 Ne5 34. Rxe4 Rde7 35. Bxe5 Rxe5 36. Rxe5 Rxe5 37. Rxe5 Bxe5 38. Qe4 Qxe4 39. Bd3 0-1

[Event "Rapid Tournament (RAP)"]
[Site "Biel, Switzerland"]
[Date "2026.07.12"]
[Round "8.32"]
[White "Aryan, Mehta"]
[Black "Radovcic, Branimir"]
[Result "1-0"]
[TimeControl "15 + 5"]
[WhiteTitle "-"]
[BlackTitle "-"]
[WhiteFideId "33329664"]
[BlackFideId "14595346"]
[WhiteElo "1921"]
[BlackElo "1840"]

1. d4 Nf6 2. c4 c5 3. d5 b5 4. cxb5 a6 5. bxa6 Bxa6 6. Nc3 g6 7. e4 Bxf1 8.
Kxf1 d6 9. g3 Bg7 10. Nf3 Nbd7 11. h3 O-O 12. Kg2 Qa5 13. Re1 Rfb8 14. e5 Nxe5 15. Nxe5 dxe5 16. Rxe5 Nh5 17. Rxe7 Bxc3 18. bxc3 Qxc3 19.
Be3 Rb2 20. Qf3 Nf6 21. Rc1 Qa5 22. Qxf6 Rf8 23. Qxb2 Qd8 24. Qe5 Qb6 25. Bxc5 1-0

[Event "Rapid Tournament (RAP)"]
[Site "Biel, Switzerland"]
[Date "2026.07.12"]
[Round "8.33"]
[White "Gireada, Lucas"]
[Black "Lopez, Manuel"]
[Result "1-0"]
[TimeControl "15 + 5"]
[WhiteTitle "-"]
[BlackTitle "-"]
[WhiteFideId "1373544"]
[BlackFideId "1306324"]
[WhiteElo "1837"]
[BlackElo "1916"]

1. d4 Nf6 2. c4 g6 3. Nc3 Bg7 4. e4 d6 5. h3 Nbd7 6. Be3 e5 7. d5 O-O 8. g4 a5 9. Nge2 b6 10. Ng3 Nc5 11. Be2 Bd7 12. f3 Ne8 13. h4 Kh8 14. Qd2 Na4 15. Nxa4 Bxa4 16. b3 Bd7 17. h5 Qe7 18. h6 Bf6 19. g5 Bxg5 20. Bxg5 f6 21. Be3 f5 22. exf5 gxf5 23. f4 Rg8 24. Rh3 Nf6 25. O-O-O a4 26. b4 Qe8 27. b5 a3 28.
Qc2 Ng4 29. Bxg4 fxg4 30. Rh5 Qf7 31. fxe5 dxe5 32. Rxe5 Rg6 33.
Rf1 Rf6 34. Rxf6 Qxf6 35. Bd4 Qxh6+ 36. Kb1 Kg8 37. Re7 Be8 38. Rg7+ Qxg7 39. Bxg7 Bg6 40. Nf5 Re8 41. Qf2 Bxf5+ 42. Qxf5 Kxg7 43. Qxg4+ Kf7 44. Qf5+ Ke7 45. Qxh7+ Kd8 46. Qh4+ Kd7 47. Qf6 Re1+ 48. Kc2 Re2+ 49. Kb3 Re3+ 50. Kb4 Kc8 51. Qc6 Re7 52. d6 Rd7 53. Qa8# 1-0